 Dungeon Crawl Stone Soup version 0.32-a0-666-ge8a88695a4 (webtiles) character file.

Game seed: 6969915205759362914

9 Esekla the Sneak (level 2, 17/21 HPs)
             Began as an Octopode Delver on Mar 10, 2024.
             Quit the game on level 5 of the Dungeon.
             The game lasted 00:00:42 (23 turns).

Esekla the Sneak (Octopode Delver)                    Turns: 23, Time: 00:00:43

Health: 17/21      AC:  1    Str: 11    XL:     2   Next: 12%
Magic:  2/2        EV: 13    Int: 12    God:
Gold:   9          SH:  0    Dex: 13    Spells: 1/1 levels left

rFire   . . .        a - +0 falchion
rCold   . . .        (no shield)
rNeg    . . .        (helmet restricted)
rPois   .            (no amulet)
rElec   .            (no ring)
rCorr   .            (no ring)
SInv    .            (no ring)
Will    .....        (no ring)
Stlth   ++++         (no ring)
HPRegen 0.23/turn    (no ring)
MPRegen 0.08/turn    (no ring)
                     (no ring)

%: no passive effects
@: no status effects
A: almost no armour, amphibious, 8 rings, camouflage 1, gelatinous body 1,
(nimble swimmer 1), tentacles
a: no special abilities


You were on level 5 of the Dungeon.
You visited 1 branch of the dungeon, and saw 1 of its levels.

You collected 9 gold pieces.

Inventory:

Hand Weapons
 a - a +0 falchion (weapon)
Wands
 f - a wand of digging (3)
Scrolls
 b - a scroll of fog
 d - a scroll of fear
Potions
 e - a potion of haste


   Skills:
 * Level 3.1 Fighting
 + Level 2.0 Long Blades
 * Level 2.1 Dodging
 + Level 6.9 Stealth
 * Level 0.3 Spellcasting


You had one spell level left.
You didn't know any spells.
Your spell library was empty.

Dungeon Overview and Level Annotations

Branches:
Dungeon (5/15)
 Temple: D:4-7

Altars:


Innate Abilities, Weirdness & Mutations

You cannot wear most types of armour.
You are amphibious.
You can wear up to eight rings at the same time.
Your skin changes colour to match your surroundings (Stealth+).
Your rubbery body absorbs attacks. (AC +1, EV +1)
((You are camouflaged when in or above water. (Stealth+)))
You have tentacles for arms and can constrict up to eight enemies at once.


Message History

Welcome, Esekla the Octopode Delver.
They say the Orb of Zot lies within this dungeon, but they say a lot of things.
Press ? for a list of commands and other information.
Found two stone staircases leading down and a stone staircase leading up.
Found 9 gold pieces.
Found a glowing rapier.
An adder comes into view.
Found a flux talisman.
You see here 9 gold pieces.
You now have 9 gold pieces.
The adder hisses angrily.
There is a stone staircase leading up here.
As you read the scroll of revelation, it crumbles to dust.
You feel aware of your surroundings.
You miss the adder. Your grab misses the adder. Your squeeze misses the adder.
The adder bites you but does no damage.
You hit the adder. Your grab misses the adder.
The adder is severely wounded.
The adder barely misses you. The adder bites you.
You hit the adder. You grab the adder.
The adder is almost dead.
You constrict the adder.
You kill the adder!
You have reached level 2!
Are you sure you want to abandon this character and quit the game? (Confirm with "yes".)

,**,,,,,,,,,***#...............,,
****,,,,,....##................,,
****,,,,,........##............,,
,,,,,,,,,..####.##.............,,
,,,,,,*,.######.#..............,,
****,***..#####.#..............,,
*,* *........#..............,,
*,* *#.......#..............,,
*,** #.......@†.............,*
**,,**#......................,*
**,,,**.......................,,
**,,,,,,)###......>..........#,,,
,,,,,*,,*####............##.#,,,,
,,,,,,,**######......#.....,,,,,,
,,,*,,,,*######............,,,,,,
,,,,,,,,,.#####...........,,***,,
,,,,,*,,,,,,*,.......##...,,* **,


There were no monsters in sight!

Vanquished Creatures
  An adder (D:5)
1 creature vanquished.

Notes
Turn   | Place    | Note
-------+----------+-------------------------------------------
     0 | D:5      | Esekla the Octopode Delver began the quest for the Orb.
     0 | D:5      | Reached XP level 1. HP: 16/16 MP: 1/1
    23 | D:5      | Reached XP level 2. HP: 17/21 MP: 2/2
    23 | D:5      | Quit the game

Illustrated notes

Levels and vault maps discovered:
D:5:      layout_layer_cave

Action                     || total
---------------------------++-------
  Melee: Falchion          ||     3
         Constrict         ||     1
    Use: Scroll            ||     1
 Armour: Skin              ||     2
  Dodge: Dodged            ||     1

Table legend: (Time is in decaauts)
 A = Elapsed time spent in this place.
 B = Non-inter-level travel time spent in this place.
 C = Inter-level travel time spent in this place.
 D = Time resting spent in this place.
 E = Time spent auto-exploring this place.
 F = Levels seen in this place.
 G = Mean time per level.
                   A        B        C        D        E       F      G
               +--------+--------+--------+--------+--------+-----+--------+
         Total |     23 |     23 |      0 |      0 |      0 |   1 |   23.0 |
       Dungeon |     23 |     23 |      0 |      0 |      0 |   1 |   23.0 |
               +--------+--------+--------+--------+--------+-----+--------+

Top non-repeatable levels by time:
     D:5: 23 daAuts
